 Dungeon Crawl Stone Soup version 0.29-a0-111-gbaf749a769 (webtiles) character file.

Game seed: 2018320203937224864

25 kae the Ruffian (level 2, -4/23 HPs)
             Began as a Draconian Transmuter on Feb 17, 2022.
             Slain by Sigmund (14 damage)
             ... on level 2 of the Dungeon.
             The game lasted 00:00:36 (1302 turns).

kae the Ruffian (Draconian Transmuter)              Turns: 1302, Time: 00:00:37

Health: -4/23      AC:  0    Str: 12    XL:     2   Next: 82%
Magic:  5/5        EV: 19    Int: 13    God:
Gold:   76         SH:  0    Dex: 16    Spells: 4/5 levels left

rFire   . . .      SeeInvis .     - Unarmed
rCold   . . .      Faith    .   (shield currently unavailable)
rNeg    . . .      Spirit   .   (armour unavailable)
rPois   .          Reflect  .   (helmet currently unavailable)
rElec   .          Harm     .   (cloak currently unavailable)
rCorr   .          Rampage  .   (gloves currently unavailable)
Will    .....                   (boots currently unavailable)
Stlth   +.........              (no amulet)
HPRegen 0.07/turn               (ring currently unavailable)
MPRegen 0.09/turn               (ring currently unavailable)

@: confused, bat-form (expiring), flying, very quick
A: fast, flying, no casting, AC +4, tiny, unfitting armour, (cold-blooded)
a: no special abilities


You were on level 2 of the Dungeon.
You were a bat.
You visited 1 branch of the dungeon, and saw 2 of its levels.

You collected 76 gold pieces.

Inventory:

Jewellery
 a - a ring of ice


   Skills:
 + Level 1.5 Fighting
 + Level 2.0 Dodging
 * Level 3.3 Unarmed Combat
 + Level 2.1 Spellcasting
 * Level 2.4 Transmutations


You had 4 spell levels left.
You knew the following spells:

 Your Spells              Type           Power      Damage    Failure   Level
a - Beastly Appendage     Tmut           14%        N/A       9%          1

Your spell library contained the following spells:

 Spells                   Type           Power      Damage    Failure   Level
 Wereblood                Tmut           7%         N/A       14%         2
 Spider Form              Tmut/Pois      4%         N/A       41%         3
 Ice Form                 Ice/Tmut       4%         N/A       83%         4


Dungeon Overview and Level Annotations

Branches:
Dungeon (2/15)

Altars:

Annotations:
D:2 Sigmund


Innate Abilities, Weirdness & Mutations

You are a bat.
You are tiny and dextrous.
You move quickly.
You are flying.
Your equipment is almost entirely melded.
You are incapable of wielding weapons or throwing items.
You cannot cast spells.
((Your plain brown scales are hard. (AC +4)))
You cannot fit into any form of body armour.
((You are cold-blooded and may be slowed by cold attacks.))


Message History

Confirm with . or Enter, or press ? or * to list all spells.
You grow a pair of large bovine horns.
Your feet morph into talons.
Sigmund zaps a wand.
You resist with significant effort.
Sigmund zaps a wand.
Your horns disappear.
Your talons disappear.
You turn into a bat.
Sigmund completely misses you.
You hit Sigmund but do no damage. Sigmund gestures at you while chanting.
The magic dart hits you!
You hit Sigmund but do no damage. Sigmund completely misses you.
You hit Sigmund but do no damage. Sigmund casts a spell at you.
You are confused.
You are too injured to fight recklessly!
You are too injured to fight recklessly!
You hit Sigmund but do no damage.
You bump into the rock wall.
Sigmund closely misses you.
You're too confused to move!
Sigmund completely misses you.
You bump into the rock wall.
You bump into the rock wall.
Sigmund points at you and mumbles some strange words.
You are more confused.
Unknown command.
You bump into the rock wall.
Sigmund points at you and mumbles some strange words.
You are more confused.
Sigmund casts a spell.
Sigmund flickers and vanishes!
Deactivating autopickup; reactivate with Ctrl-A.
You bump into the rock wall.
Something closely misses you.
You're too confused to move!
Something hits you.
You're too confused to move!
You bump into the rock wall.
Your transformation is almost over.
Something closely misses you.
You bump into the rock wall.
You bump into the rock wall.
Something hits you!
Ouch! That really hurt!
You die...

####### #.. ..#
#.###.# ####.
#...#.###......
#.#.......#
######.###.#####
## #......###b#
.# #.####.....#
.# #.####.#####
.# ###.#....#
.####........#
......#.......#
......#..........
......#..>.....##
.####........###


There were no monsters in sight!

Vanquished Creatures
  5 ball pythons (D:1)
  A giant cockroach (D:1)
  2 goblins (D:1)
  4 hobgoblins (D:1)
  6 kobolds (D:1)
  A quokka (D:1)
  A bat (D:1)
  4 rats (D:1)
24 creatures vanquished.

Notes
Turn   | Place    | Note
-------+----------+-------------------------------------------
     0 | D:1      | kae the Draconian Transmuter began the quest for the Orb.
     0 | D:1      | Reached XP level 1. HP: 16/16 MP: 3/3
   335 | D:1      | Reached XP level 2. HP: 21/23 MP: 3/5
   371 | D:1      | Found a faded altar of an unknown god.
  1277 | D:2      | Noticed Sigmund
  1302 | D:2      | Slain by Sigmund

Illustrated notes

Levels and vault maps discovered:
D:1:      dpeg_arrival_tiny_j, layout_basic, nicolae_ecumenical_snake_handling,
          moated_statue
D:2:      layout_loops_cross, kennysheep_generic_room_12, uniq_natasha,
          uniq_terence, uniq_sigmund

Skill      XL: |  1  2 |
---------------+-------+-----
Dodging        | 2 |  2.0
Fighting       | |  1.5
Unarmed Combat | |  3.3
Spellcasting   | |  2.1
Transmutations | |  2.4

Action                   || total
-------------------------++-------
Melee: Unarmed           ||    72
       Kick              ||     6
       Headbutt          ||     7
       Tailslap          ||     2
 Cast: Beastly Appendage ||    16
  Use: Scroll            ||     1
 Stab: Sleeping          ||     1
Armor: Skin              ||    25
Dodge: Dodged            ||    36

Table legend: (Time is in decaauts)
 A = Elapsed time spent in this place.
 B = Non-inter-level travel time spent in this place.
 C = Inter-level travel time spent in this place.
 D = Time resting spent in this place.
 E = Time spent auto-exploring this place.
 F = Levels seen in this place.
 G = Mean time per level.
                   A        B        C        D        E       F      G
               +--------+--------+--------+--------+--------+-----+--------+
         Total |   1294 |   1278 |     16 |      0 |   1083 |   2 |  647.0 |
       Dungeon |   1294 |   1278 |     16 |      0 |   1083 |   2 |  647.0 |
               +--------+--------+--------+--------+--------+-----+--------+

Top non-repeatable levels by time:
     D:1: 1205 daAuts
     D:2: 89 daAuts
